[Event "Lueneburg Open-B 2019"]
[Site "Lueneburg"]
[Date "2019.08.08"]
[Round "6.15"]
[White "Mi, Gufeng"]
[Black "Ramme, Georg"]
[Result "1/2-1/2"]
[ECO "D00"]
[WhiteElo "1564"]
[BlackElo "1660"]
[Annotator "NA"]
[PlyCount "130"]
[EventDate "2019.08.03"]
[EventType "swiss"]
[EventCountry "GER"]
[SourceTitle "playchess.com"]
[Source "ChessBase"]
[SourceQuality "1"]
[TimeControl "40/5400+30:1800+30"]

1. d4 Nf6 2. Bf4 d5 3. h3 Bf5 4. e3 c6 5. Nf3 Nbd7 6. c4 Qa5+ 7. Nc3 Ne4 8. Qb3 Qb6 9. cxd5 Qxb3 10. axb3 e6 11. dxe6 fxe6 12. Be2 Bb4 13. Rc1 O-O 14. O-O h6 15. Ne5 Nxe5 16. Bxe5 Nd2 17. Rfd1 Nxb3 18. Bc4 Nxc1 19. Rxc1 Rae8 20. Ne2 g5 21. Ng3 Bg6 22. Ra1 a6 23. Ne2 Kh7 24. Nc1 Rf7 25. Na2 Bf8 26. Nc3 Bg7 27. Bg3 Rd7 28. Bb3 h5 29. Na4 Bf8 30. Nb6 Rf7 31. Nc4 h4 32. Be5 Be4 33. Nd2 Bd5 34. Bc2+ Kh6 35. e4 Bb4 36. Nf1 Bc4 37. Ne3 Be2 38. f3 Ref8 39. Ng4+ Kh5 40. Bb3 Re8 41. Kf2 Bd3 42. Nf6+ Rxf6 43. Bxf6 Kg6 44. Be5 c5 45. d5 c4 46. Ba4 b5 47. Bd1 Bc5+ 48. Ke1 Bb4+ 49. Kf2 a5 50. dxe6 Rxe6 51. Bd4 a4 52. Ke3 Bd6 53. Be2 Bf4+ 54. Kf2 Bxe2 55. Kxe2 Rd6 56. Bc3 Rd3 57. Rd1 Rxd1 58. Kxd1 Bd6 59. Kc2 Kf7 60. Bd2 Be7 61. Kc3 Bf6+ 62. Kc2 Be7 63. Kc3 Bf6+ 64. Kc2 Be7 65. Kc3 Bf6+ {[%emt 0:09:39] f4} 1/2-1/2

[Event "Lueneburg Open-B 2019"]
[Site "Lueneburg"]
[Date "2019.08.08"]
[Round "6.16"]
[White "Kolhoff, Manfred"]
[Black "Rothenberg, Anke"]
[Result "1-0"]
[ECO "B13"]
[WhiteElo "1616"]
[BlackElo "1467"]
[Annotator "NA"]
[PlyCount "45"]
[EventDate "2019.08.03"]
[EventType "swiss"]
[EventCountry "GER"]
[SourceTitle "playchess.com"]
[Source "ChessBase"]
[SourceQuality "1"]
[TimeControl "40/5400+30:1800+30"]

1. e4 c6 2. Nf3 d5 3. exd5 cxd5 4. d4 Bg4 5. Bd3 Nc6 6. c3 Nf6 7. Bf4 e6 8. Nbd2 Be7 9. Qb3 b6 10. Bb5 Rc8 11. Qa4 O-O 12. Bxc6 Rxc6 13. Qxc6 h6 14. Ne5 Bf5 15. h3 Ne4 16. Qa4 f6 17. Nc6 Qe8 18. Nxe7+ Qxe7 19. Nxe4 Bxe4 20. f3 Bd3 21. Kd2 e5 22. Rae1 Bg6 23. dxe5 1-0

[Event "Lueneburg Open-B 2019"]
[Site "Lueneburg"]
[Date "2019.08.08"]
[Round "6.18"]
[White "Vogel, Elisabeth"]
[Black "Hotz, Herbert"]
[Result "1/2-1/2"]
[ECO "B19"]
[WhiteElo "1277"]
[BlackElo "1547"]
[Annotator "NA"]
[PlyCount "86"]
[EventDate "2019.08.03"]
[EventType "swiss"]
[EventCountry "GER"]
[SourceTitle "playchess.com"]
[Source "ChessBase"]
[SourceQuality "1"]
[TimeControl "40/5400+30:1800+30"]

1. e4 c6 2. d4 d5 3. Nc3 dxe4 4. Nxe4 Bf5 5. Ng3 Bg6 6. h4 h6 7. Nf3 Nd7 8. h5 Bh7 9. Bd3 Bxd3 10. Qxd3 e6 11. Bd2 Ngf6 12. O-O-O Bd6 13. Ne4 Nxe4 14. Qxe4 Qc7 15. Qe2 O-O-O 16. Rhe1 Rhe8 17. Ne5 Nxe5 18. dxe5 Bc5 19. f4 Rd7 20. Be3 Bxe3+ 21. Qxe3 Rxd1+ 22. Rxd1 b6 23. g4 Rd8 24. Rxd8+ Qxd8 25. Qf3 Qd5 26. Qxd5 exd5 27. g5 Kd7 28. f5 Ke7 29. f6+ Kf8 30. g6 gxf6 31. exf6 fxg6 32. hxg6 d4 33. Kd2 c5 34. Kd3 h5 35. Ke4 h4 36. Kf5 h3 37. Ke6 h2 38. g7+ Kg8 39. Ke7 h1=Q 40. f7+ Kxg7 41. f8=Q+ Kh7 42. Qf7+ Kh8 43. Qf8+ Kh7 1/2-1/2

[Event "Lueneburg Open-B 2019"]
[Site "Lueneburg"]
[Date "2019.08.08"]
[Round "6.19"]
[White "Hinke, Gerhard"]
[Black "Rennkamp, David"]
[Result "1/2-1/2"]
[ECO "C54"]
[WhiteElo "1476"]
[BlackElo "1355"]
[Annotator "NA"]
[PlyCount "69"]
[EventDate "2019.08.03"]
[EventType "swiss"]
[EventCountry "GER"]
[SourceTitle "playchess.com"]
[Source "ChessBase"]
[SourceQuality "1"]
[TimeControl "40/5400+30:1800+30"]

1. e4 e5 2. Nf3 Nc6 3. Bc4 Bc5 4. c3 Nf6 5. d3 d6 6. h3 O-O 7. b4 Bb6 8. a4 a6 9. Bb3 Be6 10. O-O Ne7 11. Nbd2 Ng6 12. Nc4 Ba7 13. Ng5 Qe7 14. Nxe6 fxe6 15. Be3 Bxe3 16. Nxe3 Nf4 17. Kh2 Kh8 18. g3 Ng6 19. Ra2 Nd7 20. Qg4 Rf6 21. Ng2 Raf8 22. Nh4 Nxh4 23. Qxh4 R6f7 24. Qxe7 Rxe7 25. Kg2 Rf6 26. a5 Ref7 27. Rb2 c6 28. c4 c5 29. Ba4 cxb4 30. Bxd7 Rxd7 31. Rxb4 h6 32. Rfb1 Rff7 33. Rb6 Rfe7 34. Kf1 Kh7 35. Ke2 1/2-1/2

[Event "Lueneburg Open-B 2019"]
[Site "Lueneburg"]
[Date "2019.08.08"]
[Round "6.20"]
[White "Kasperski, Achim"]
[Black "Buchinger, Alexis"]
[Result "0-1"]
[ECO "A25"]
[WhiteElo "1207"]
[BlackElo "1346"]
[Annotator "NA"]
[PlyCount "86"]
[EventDate "2019.08.03"]
[EventType "swiss"]
[EventCountry "GER"]
[SourceTitle "playchess.com"]
[Source "ChessBase"]
[SourceQuality "1"]
[TimeControl "40/5400+30:1800+30"]

1. c4 Nf6 2. g3 e5 3. Bg2 Bc5 4. Nc3 Nc6 5. e3 d6 6. Nge2 Be6 7. b3 d5 8. cxd5 Nxd5 9. O-O O-O 10. a4 Qd7 11. Ba3 Bxa3 12. Rxa3 Rad8 13. Ne4 f5 14. Nc5 Qe7 15. Qc1 b6 16. Nxe6 Qxe6 17. Rd1 e4 18. Bf1 g5 19. Nc3 Nxc3 20. Bc4 Nd5 21. d3 exd3 22. Rxd3 Ncb4 23. Rd4 c6 24. Qd2 c5 25. Rd3 Nxd3 26. Qxd3 Qe4 27. Qd2 Kg7 28. Ra1 Kh6 29. Rd1 Nxe3 30. fxe3 Rxd2 31. Rxd2 Qxe3+ 32. Rf2 Rd8 33. Be2 Rd2 34. Kf1 f4 35. h4 gxh4 36. gxf4 Qxb3 37. f5 h3 38. Kg1 Qg3+ 39. Kf1 Qxf2+ 40. Kxf2 Rxe2+ 41. Kxe2 h2 42. f6 h1=Q 43. f7 Qh5+ 0-1

[Event "Lueneburg Open-B 2019"]
[Site "Lueneburg"]
[Date "2019.08.09"]
[Round "7.1"]
[White "Rewerts, Ingo"]
[Black "Wiese, Uwe"]
[Result "0-1"]
[ECO "A80"]
[WhiteElo "1792"]
[BlackElo "1737"]
[Annotator "NA RC"]
[PlyCount "86"]
[EventDate "2019.08.03"]
[EventType "swiss"]
[EventCountry "GER"]
[SourceTitle "playchess.com"]
[Source "ChessBase"]
[SourceQuality "1"]
[TimeControl "40/5400+30:1800+30"]

1. d4 f5 2. Nf3 Nf6 3. c3 e6 4. Bg5 Be7 5. Nbd2 d5 6. Bxf6 Bxf6 7. e3 O-O 8. Bd3 Nd7 9. Qc2 c6 10. h3 g6 11. O-O-O e5 12. dxe5 Nxe5 13. Nxe5 Bxe5 14. Rdg1 Qa5 15. f4 Bg7 16. Kb1 Qb6 17. Nf1 c5 18. g4 c4 19. Be2 Be6 20. Bf3 Rac8 21. gxf5 Bxf5 22. e4 dxe4 23. Bxe4 Bxe4 24. Qxe4 Bxc3 25. Qc2 Bd4 26. Rg4 c3 27. b3 Rfe8 28. Ng3 Bg1 29. Ne4 Rxe4 30. Rhxg1 Qd4 31. f5 Rxg4 32. Rxg4 Qe3 33. fxg6 Qe1+ 34. Qc1 c2+ 35. Kb2 Qe5+ 36. Ka3 Qa5+ 37. Kb2 Qe5+ 38. Ka3 h5 39. Rg5 Qd6+ 40. Ka4 Qd7+ 41. Ka3 Qe7+ 42. Kb2 Qf6+ 43. Ka3 Qxg5 0-1

[Event "Lueneburg Open-B 2019"]
[Site "Lueneburg"]
[Date "2019.08.09"]
[Round "7.2"]
[White "Ische, Helmut"]
[Black "Suliga, Eckhard"]
[Result "1/2-1/2"]
[ECO "B22"]
[WhiteElo "1662"]
[BlackElo "1682"]
[Annotator "NA RC"]
[PlyCount "75"]
[EventDate "2019.08.03"]
[EventType "swiss"]
[EventCountry "GER"]
[SourceTitle "playchess.com"]
[Source "ChessBase"]
[SourceQuality "1"]
[TimeControl "40/5400+30:1800+30"]

1. e4 e6 2. d4 d5 3. Nd2 c5 4. exd5 exd5 5. Ngf3 Bd6 6. dxc5 Bxc5 7. Nb3 Bd6 8. Be2 Nc6 9. c3 Nge7 10. O-O O-O 11. Re1 Qc7 12. h3 Re8 13. Bd3 Bd7 14. Nbd4 Nxd4 15. Nxd4 a6 16. Be3 Rad8 17. Rc1 b5 18. a3 Nc6 19. Nf3 Ne5 20. Nxe5 Rxe5 21. Bd4 Rxe1+ 22. Qxe1 Re8 23. Qd1 Qc8 24. Qh5 f5 25. Qf3 Be6 26. Re1 g6 27. Kf1 Bf7 28. Rxe8+ Qxe8 29. Qe3 Qxe3 30. Bxe3 Be8 31. f4 Bd7 32. Be2 Kf7 33. h4 h5 34. Ke1 Bc8 35. g3 Ke6 36. Kd2 Be7 37. Bf3 Kd6 38. Kd3 1/2-1/2

[Event "Lueneburg Open-B 2019"]
[Site "Lueneburg"]
[Date "2019.08.09"]
[Round "7.3"]
[White "Thomas, Jeremy"]
[Black "Neumann, Lutz"]
[Result "1-0"]
[ECO "B43"]
[WhiteElo "1717"]
[BlackElo "1784"]
[Annotator "NA"]
[PlyCount "175"]
[EventDate "2019.08.03"]
[EventType "swiss"]
[EventCountry "GER"]
[SourceTitle "playchess.com"]
[Source "ChessBase"]
[SourceQuality "1"]
[TimeControl "40/5400+30:1800+30"]

1. e4 c5 2. Nf3 e6 3. d4 cxd4 4. Nxd4 a6 5. Nc3 Qc7 6. a3 Nf6 7. Bd3 Be7 8. Be3 d6 9. O-O O-O 10. Rc1 Nbd7 11. Bg5 h6 12. Bh4 Ne5 13. Bg3 Nxd3 14. cxd3 Qb6 15. Nb3 e5 16. Na4 Qd8 17. Nd2 b5 18. Nc3 Qb6 19. Kh1 Be6 20. f3 Nd7 21. Bf2 Qb7 22. d4 d5 23. exd5 Bxd5 24. Nxd5 Qxd5 25. Ne4 Rac8 26. Nc3 Qb7 27. Re1 Bg5 28. Rc2 exd4 29. Bxd4 Bf6 30. Bxf6 Nxf6 31. Rce2 Rfe8 32. Qd6 Rxe2 33. Rxe2 Qc6 34. Qxc6 Rxc6 35. Kg1 Kf8 36. Kf2 Rc7 37. Re5 Nd7 38. Re2 Nb6 39. Ne4 Na4 40. Nd6 Re7 41. Rc2 Rd7 42. Nf5 f6 43. b3 Nb6 44. Rc6 Rb7 45. Ke2 h5 46. Rd6 Kf7 47. Rc6 Kg6 48. Nd6 Rb8 49. Kd3 b4 50. a4 a5 51. Kd4 h4 52. Nc4 Nxc4 53. Rxc4 Rd8+ 54. Ke3 Rd5 55. Rxh4 Kg5 56. Rd4 Re5+ 57. Kd3 Rc5 58. Rc4 Rd5+ 59. Ke2 Re5+ 60. Kf2 Rd5 61. f4+ Kf5 62. Ke2 g5 63. fxg5 fxg5 64. h4 gxh4 65. Rxh4 Kg5 66. Rc4 Kf5 67. Ke3 Re5+ 68. Kd4 Re4+ 69. Kc5 Re3 70. Kb5 Rxb3 71. g4+ Kg5 72. Kxa5 Rb1 73. Rxb4 Re1 74. Rc4 Rb1 75. Ka6 Rb2 76. a5 Rb1 77. Ka7 Rb2 78. a6 Rb1 79. Ka8 Rb2 80. a7 Rb1 81. Rc7 Rh1 82. Rg7+ Kf6 83. Rg8 Kf7 84. Rb8 Kg6 85. Rb6+ Kg5 86. Kb7 Rh7+ 87. Ka6 Rh1 88. a8=Q 1-0

[Event "Lueneburg Open-B 2019"]
[Site "Lueneburg"]
[Date "2019.08.09"]
[Round "7.4"]
[White "Goldmann, David"]
[Black "Fomenkov, Alexander"]
[Result "0-1"]
[ECO "C42"]
[WhiteElo "1403"]
[BlackElo "1779"]
[Annotator "NA RC"]
[PlyCount "80"]
[EventDate "2019.08.03"]
[EventType "swiss"]
[EventCountry "GER"]
[SourceTitle "playchess.com"]
[Source "ChessBase"]
[SourceQuality "1"]
[TimeControl "40/5400+30:1800+30"]

1. e4 e5 2. Nf3 Nf6 3. Nxe5 d6 4. Nf3 Nxe4 5. Nc3 Nxc3 6. dxc3 Be7 7. Be3 O-O 8. Qd2 Be6 9. O-O-O a5 10. Kb1 Nc6 11. h4 Ne5 12. h5 f6 13. Nd4 Bf7 14. Be2 Qc8 15. Rh3 Nc4 16. Bxc4 Bxc4 17. Rg3 Kh8 18. Re1 Qd7 19. b3 Bf7 20. Bf4 Rae8 21. Ree3 a4 22. Qd3 Rg8 23. Qe2 Bd8 24. Qf3 Rxe3 25. Bxe3 c5 26. Nf5 axb3 27. cxb3 b6 28. Nh4 Re8 29. Qd1 f5 30. Nf3 Bxh5 31. Rh3 Bxf3 32. Qxf3 g5 33. Rh5 f4 34. Bd2 Qf5+ 35. Kb2 Qe4 36. Qd1 Kg7 37. Qg4 Qe6 38. Qf3 Bf6 39. Qd3 Qe4 40. Qb5 Qe2 0-1

[Event "Lueneburg Open-B 2019"]
[Site "Lueneburg"]
[Date "2019.08.09"]
[Round "7.5"]
[White "Buetow, Ingo"]
[Black "Gerdau, Niklas"]
[Result "0-1"]
[ECO "D10"]
[WhiteElo "1747"]
[BlackElo "1704"]
[Annotator "NA RC"]
[PlyCount "102"]
[EventDate "2019.08.03"]
[EventType "swiss"]
[EventCountry "GER"]
[SourceTitle "playchess.com"]
[Source "ChessBase"]
[SourceQuality "1"]
[TimeControl "40/5400+30:1800+30"]

1. c4 c6 2. d4 d5 3. cxd5 cxd5 4. Bf4 Qb6 5. Nc3 Nf6 6. b3 Bf5 7. Na4 Qb4+ 8. Qd2 e6 9. Qxb4 Bxb4+ 10. Bd2 Ba3 11. Bc1 Bd6 12. e3 O-O 13. Nf3 Ne4 14. a3 Nd7 15. Nh4 Rfc8 16. Nxf5 exf5 17. Bd3 b5 18. Bxb5 Nb6 19. Nxb6 axb6 20. Bd3 Rc3 21. Bxe4 fxe4 22. Rb1 Bxa3 23. O-O Bd6 24. Rd1 Kf8 25. g3 Ra2 26. Bd2 Rd3 27. Be1 Rxd1 28. Rxd1 Rb2 29. b4 Ke7 30. Ra1 Kd7 31. Ra7+ Kc6 32. Kg2 Rb1 33. Bd2 Rd1 34. Bc3 Kb5 35. Rd7 Bxb4 36. Bxb4 Kxb4 37. Rxd5 Ka4 38. Rd7 h5 39. Rxf7 g6 40. Rf6 b5 41. Ra6+ Kb3 42. Rxg6 b4 43. Rh6 Ka2 44. Ra6+ Kb2 45. f4 Rd2+ 46. Kg1 b3 47. Rb6 Rd3 48. Rh6 Kc2 49. Rxh5 b2 50. Rb5 Rb3 51. Rc5+ Kd2 0-1

[Event "Lueneburg Open-B 2019"]
[Site "Lueneburg"]
[Date "2019.08.09"]
[Round "7.6"]
[White "Groth, Matthias"]
[Black "Ahrens, Gunnar"]
[Result "*"]
[ECO "D67"]
[WhiteElo "1737"]
[BlackElo "1764"]
[Annotator "NA RC"]
[PlyCount "45"]
[EventDate "2019.08.03"]
[EventType "swiss"]
[EventCountry "GER"]
[SourceTitle "playchess.com"]
[Source "ChessBase"]
[SourceQuality "1"]
[TimeControl "40/5400+30:1800+30"]

1. d4 Nf6 2. c4 d5 3. Nc3 e6 4. Nf3 Be7 5. Bg5 Nbd7 6. e3 O-O 7. Bd3 c6 8. O-O dxc4 9. Bxc4 Nd5 10. Bxe7 Qxe7 11. Rc1 b5 12. Bd3 Bb7 13. Ne4 h6 14. Nc5 Nxc5 15. Rxc5 Rac8 16. Ne5 Rc7 17. a3 Rfc8 18. Qc2 f5 19. Rc1 Qe8 20. e4 fxe4 21. Bxe4 Qe7 22. Bh7+ Kh8 23. Ng6+ *

[Event "Lueneburg Open-B 2019"]
[Site "Lueneburg"]
[Date "2019.08.09"]
[Round "7.8"]
[White "Schulze, Lukas"]
[Black "Kolhoff, Manfred"]
[Result "0-1"]
[ECO "E01"]
[WhiteElo "1724"]
[BlackElo "1616"]
[Annotator "NA RC"]
[PlyCount "90"]
[EventDate "2019.08.03"]
[EventType "swiss"]
[EventCountry "GER"]
[SourceTitle "playchess.com"]
[Source "ChessBase"]
[SourceQuality "1"]
[TimeControl "40/5400+30:1800+30"]

1. Nf3 Nf6 2. c4 e6 3. g3 d5 4. Bg2 c5 5. O-O Nc6 6. d4 Qb6 7. e3 Bd7 8. Nc3 cxd4 9. cxd5 exd5 10. Nxd4 Be6 11. Nxe6 fxe6 12. b3 Be7 13. Qh5+ Nxh5 14. Bb2 Nf6 15. Bh3 Nb4 16. Na4 Qd6 17. f4 Nd3 18. Bd4 b5 19. Nc3 a6 20. Rfd1 Nb4 21. Rac1 Nc6 22. Bxf6 Bxf6 23. Ne4 Qd7 24. Nc5 Qa7 25. Nxe6 Ne7 26. Nc7+ Kf8 27. Nxa8 Qxa8 28. Be6 g6 29. Rc7 Kg7 30. Rxd5 Rd8 31. Rdc5 Qf3 32. Rc1 Qxe3+ 33. Kf1 Qxe6 34. Re1 Qh3+ 35. Ke2 Qxh2+ 36. Kf3 Qh5+ 37. Ke3 Bd4+ 38. Ke4 Qd5+ 39. Kd3 Bb6+ 40. Kc2 Qd2+ 41. Kb1 Qxe1+ 42. Rc1 Qe4+ 43. Kb2 Rd2+ 44. Ka3 b4+ 45. Ka4 Rxa2# 0-1

[Event "Lueneburg Open-B 2019"]
[Site "Lueneburg"]
[Date "2019.08.09"]
[Round "7.9"]
[White "Stolzenwald, Karl-Heinz"]
[Black "Kasipour Azbari, Seyed Arvin"]
[Result "1/2-1/2"]
[ECO "A00"]
[WhiteElo "1600"]
[BlackElo "1765"]
[Annotator "NA"]
[PlyCount "165"]
[EventDate "2019.08.03"]
[EventType "swiss"]
[EventCountry "GER"]
[SourceTitle "playchess.com"]
[Source "ChessBase"]
[SourceQuality "1"]
[TimeControl "40/5400+30:1800+30"]

1. b4 e5 2. Bb2 Bxb4 3. Bxe5 Nf6 4. c4 O-O 5. Nf3 Nc6 6. Bb2 d5 7. e3 Bg4 8. cxd5 Qxd5 9. Be2 Rad8 10. O-O Ne4 11. Qc2 Rfe8 12. d4 Bd6 13. Nc3 Nxc3 14. Bxc3 Qh5 15. Rfe1 Bxf3 16. Bxf3 Qxh2+ 17. Kf1 Bf8 18. Rad1 Qd6 19. e4 Nb4 20. Qe2 Qh6 21. Kg1 Nd5 22. Bd2 Qf6 23. g3 Nb6 24. e5 Qe6 25. Bc3 Nd5 26. Bd2 Nb6 27. Bg5 f6 28. Bg4 Qd5 29. Bf4 Bb4 30. Bf3 Qc4 31. Qxc4+ Nxc4 32. Re2 fxe5 33. Bxe5 Nxe5 34. Rxe5 Rxe5 35. dxe5 Rxd1+ 36. Bxd1 Kf7 37. Bb3+ Ke7 38. f4 c5 39. a4 Bc3 40. Kf2 a6 41. Bc4 Kd7 42. Kf3 Kc6 43. Ke4 b5 44. axb5+ axb5 45. Bd5+ Kd7 46. f5 Ke7 47. g4 h6 48. e6 Bb2 49. Bc6 b4 50. Bd5 Kd6 51. Bc4 Bf6 52. Bd5 Kc7 53. Bc4 Kc6 54. Kd3 Kd6 55. Ke4 Kc6 56. Kd3 Kc7 57. Ke4 Kd6 58. Bd5 Kc7 59. Bc4 Kc6 60. Kd3 Be7 61. Ke4 Bf6 62. Kd3 Kd6 63. Ke4 Bh4 64. Bd5 Bg5 65. Bc4 Be7 66. Bd5 Kc7 67. Bc4 Kb6 68. Kd5 Bf8 69. Ke4 Ka5 70. Kd3 Be7 71. Kc2 Bf6 72. Bb3 Kb5 73. Kd3 Bg5 74. Bc4+ Ka4 75. Kc2 Bf6 76. Bb3+ Kb5 77. Kd3 Bg5 78. Bc4+ Ka4 79. Kc2 Bf6 80. Bb3+ Kb5 81. Kd3 Bg5 82. Bc4+ Ka4 83. Ke4 1/2-1/2

[Event "Lueneburg Open-B 2019"]
[Site "Lueneburg"]
[Date "2019.08.09"]
[Round "7.10"]
[White "Jessen, Bjarne"]
[Black "Cordsen, Heinrich"]
[Result "0-1"]
[ECO "B11"]
[WhiteElo "1569"]
[BlackElo "1685"]
[Annotator "NA RC"]
[PlyCount "76"]
[EventDate "2019.08.03"]
[EventType "swiss"]
[EventCountry "GER"]
[SourceTitle "playchess.com"]
[Source "ChessBase"]
[SourceQuality "1"]
[TimeControl "40/5400+30:1800+30"]

1. e4 c6 2. Nf3 d5 3. Nc3 d4 4. Ne2 c5 5. c3 dxc3 6. bxc3 e6 7. d4 Nf6 8. Bg5 Qa5 9. Qc2 Bd7 10. Ng3 cxd4 11. Nxd4 Qxg5 12. Bc4 Be7 13. Rb1 b6 14. O-O O-O 15. f4 Qc5 16. Bd3 g6 17. Kh1 Rc8 18. Rb3 Ba4 19. f5 e5 20. fxg6 hxg6 21. Ngf5 Nbd7 22. Nxe7+ Qxe7 23. Bb5 Bxb3 24. Nxb3 Kg7 25. Qd3 Nc5 26. Nxc5 Rxc5 27. Rd1 Rac8 28. c4 R5c7 29. h3 Rh8 30. Qf3 Rd8 31. Rf1 Rd4 32. Re1 Rc8 33. g4 Rcd8 34. Re3 Rd2 35. a4 Qb4 36. Re2 Qb1+ 37. Kg2 Rxe2+ 38. Qxe2 Qxe4+ 0-1

[Event "Lueneburg Open-B 2019"]
[Site "Lueneburg"]
[Date "2019.08.09"]
[Round "7.11"]
[White "Domschke, Stephan"]
[Black "Geissler, Karl-Heinz"]
[Result "1/2-1/2"]
[ECO "D00"]
[WhiteElo "1671"]
[BlackElo "1581"]
[Annotator "NA RC"]
[PlyCount "50"]
[EventDate "2019.08.03"]
[EventType "swiss"]
[EventCountry "GER"]
[SourceTitle "playchess.com"]
[Source "ChessBase"]
[SourceQuality "1"]
[TimeControl "40/5400+30:1800+30"]

1. d4 d5 2. Nc3 Bf5 3. f3 c6 4. e4 Bg6 5. Bd3 e6 6. Nge2 Nd7 7. O-O Qc7 8. Na4 Nb6 9. Nc5 Ne7 10. b3 Nd7 11. Na4 Nc8 12. exd5 exd5 13. Re1 Be7 14. Ng3 O-O 15. Bxg6 hxg6 16. Nb2 Bf6 17. c3 Ne7 18. Qd3 Rfe8 19. Be3 Nf8 20. Ne2 Ne6 21. Rf1 Nf5 22. Bd2 Re7 23. Rac1 Rae8 24. Kh1 a6 25. Nd1 Qb8 1/2-1/2

[Event "Lueneburg Open-B 2019"]
[Site "Lueneburg"]
[Date "2019.08.09"]
[Round "7.12"]
[White "Krause, Holger"]
[Black "Rempe, Janne"]
[Result "1/2-1/2"]
[ECO "C41"]
[WhiteElo "1639"]
[BlackElo "1594"]
[Annotator "NA RC"]
[PlyCount "51"]
[EventDate "2019.08.03"]
[EventType "swiss"]
[EventCountry "GER"]
[SourceTitle "playchess.com"]
[Source "ChessBase"]
[SourceQuality "1"]
[TimeControl "40/5400+30:1800+30"]

1. e4 d6 2. d4 Nf6 3. Nc3 Nbd7 4. Nf3 e5 5. Bc4 Be7 6. O-O O-O 7. Re1 c6 8. Bb3 Qc7 9. a4 a5 10. Bg5 Re8 11. dxe5 dxe5 12. Qe2 Nf8 13. Rad1 Ng6 14. h3 Bd7 15. Qe3 Qc8 16. Rd3 Nh5 17. Bxe7 Rxe7 18. Ne2 Ngf4 19. Nxf4 Nxf4 20. Qc5 Re8 21. Rd2 Bxh3 22. Bxf7+ Kh8 23. Bxe8 Qxe8 24. Red1 Bxg2 25. Qxe5 Bxf3 26. Qxf4 1/2-1/2

[Event "Lueneburg Open-B 2019"]
[Site "Lueneburg"]
[Date "2019.08.09"]
[Round "7.13"]
[White "Martin, David"]
[Black "Levink, Clemens"]
[Result "1/2-1/2"]
[ECO "B50"]
[WhiteElo "1494"]
[BlackElo "1719"]
[Annotator "NA RC"]
[PlyCount "48"]
[EventDate "2019.08.03"]
[EventType "swiss"]
[EventCountry "GER"]
[SourceTitle "playchess.com"]
[Source "ChessBase"]
[SourceQuality "1"]
[TimeControl "40/5400+30:1800+30"]

1. e4 c5 2. Nf3 d6 3. g3 Nf6 4. Nc3 Nc6 5. h3 Bd7 6. d3 g6 7. Ne2 Bg7 8. c3 b5 9. a3 a6 10. Bg2 Rb8 11. O-O Qc8 12. Kh2 h5 13. Bf4 Nh7 14. Qd2 Ne5 15. Nxe5 dxe5 16. Bh6 O-O 17. Bxg7 Kxg7 18. f4 Qc7 19. Rf3 Rbd8 20. Raf1 Bc6 21. Qe3 Bb7 22. fxe5 Qxe5 23. d4 cxd4 24. cxd4 Qc7 1/2-1/2

[Event "Lueneburg Open-B 2019"]
[Site "Lueneburg"]
[Date "2019.08.09"]
[Round "7.14"]
[White "Ramme, Georg"]
[Black "Schencke, Guenther"]
[Result "1-0"]
[ECO "D37"]
[WhiteElo "1660"]
[BlackElo "1668"]
[Annotator "NA"]
[PlyCount "102"]
[EventDate "2019.08.03"]
[EventType "swiss"]
[EventCountry "GER"]
[SourceTitle "playchess.com"]
[Source "ChessBase"]
[SourceQuality "1"]
[TimeControl "40/5400+30:1800+30"]

1. Nf3 Nf6 2. d4 e6 3. c4 d5 4. e3 Be7 5. Nc3 O-O 6. a3 a5 7. Be2 b6 8. Ne5 Bb7 9. Bf3 Nbd7 10. Nxd7 Qxd7 11. cxd5 Nxd5 12. O-O c5 13. dxc5 Bxc5 14. e4 Nf6 15. Bg5 Qxd1 16. Rfxd1 Rfd8 17. Rac1 h6 18. Bxf6 gxf6 19. Na4 Rxd1+ 20. Rxd1 Rc8 21. h3 Kf8 22. Kf1 Ke7 23. Ke1 b5 24. Nxc5 Rxc5 25. Kd2 f5 26. Ke3 fxe4 27. Be2 b4 28. axb4 axb4 29. Rd4 b3 30. Rb4 Bd5 31. Bd1 f5 32. g3 Kf6 33. Bxb3 Bxb3 34. Rxb3 Rc1 35. Rb6 Ke5 36. Rb5+ Kf6 37. Kd2 Rf1 38. Ke2 Rc1 39. Rb3 Rc2+ 40. Kf1 Rc1+ 41. Ke2 Rc2+ 42. Ke3 Rc1 43. Rb8 Re1+ 44. Kd2 Rf1 45. Ke2 Rc1 46. h4 Rc2+ 47. Ke3 Rc1 48. b4 Rc3+ 49. Kd2 Ra3 50. Rc8 Rb3 51. Rb8 Rb2+ 1-0

[Event "Lueneburg Open-B 2019"]
[Site "Lueneburg"]
[Date "2019.08.09"]
[Round "7.15"]
[White "Schulze, Tim"]
[Black "Mi, Gufeng"]
[Result "0-1"]
[ECO "D02"]
[WhiteElo "1481"]
[BlackElo "1564"]
[Annotator "NA"]
[PlyCount "124"]
[EventDate "2019.08.03"]
[EventType "swiss"]
[EventCountry "GER"]
[SourceTitle "playchess.com"]
[Source "ChessBase"]
[SourceQuality "1"]
[TimeControl "40/5400+30:1800+30"]

1. d4 d5 2. Nf3 Bf5 3. g3 h6 4. Bg2 e6 5. c4 c6 6. Qb3 Qc8 7. c5 Nd7 8. Nc3 Ngf6 9. O-O Be7 10. Re1 O-O 11. a4 Re8 12. a5 a6 13. Bf4 g5 14. Be3 Ne4 15. Nd2 Ndf6 16. Na4 Qd8 17. Qxb7 Nxd2 18. Bxd2 Ne4 19. Qb4 Rb8 20. Nb6 Bg6 21. f3 Nf6 22. Qc3 Nh7 23. e3 f5 24. Bf1 g4 25. f4 Nf6 26. Bxa6 Ne4 27. Qc2 h5 28. Bd3 Rb7 29. a6 Ra7 30. Ra3 h4 31. Bxe4 fxe4 32. Qd1 Bf5 33. Qe2 hxg3 34. hxg3 Kf7 35. Qg2 Rh8 36. Kf2 Rh3 37. Rh1 Qh8 38. Rxh3 gxh3 39. Qh2 Qh5 40. Nc8 Qf3+ 41. Ke1 Bg4 42. Nxa7 Qd1+ 43. Kf2 Qxd2+ 44. Kg1 Qc1+ 45. Kf2 Qxb2+ 46. Kg1 Qxa3 47. Nxc6 Qxe3+ 48. Kf1 Qc1+ 49. Kf2 Qb2+ 50. Kg1 Qa1+ 51. Kf2 Qxa6 52. Ne5+ Ke8 53. Nxg4 Qa2+ 54. Kg1 Qa1+ 55. Kf2 Qxd4+ 56. Ke2 Qd3+ 57. Ke1 Qb1+ 58. Kd2 Qb4+ 59. Ke2 Qc4+ 60. Kd1 Qb3+ 61. Kd2 Qb2+ 62. Ke3 Bxc5# {[%emt 0:11:29] Kd2} 0-1

[Event "Lueneburg Open-B 2019"]
[Site "Lueneburg"]
[Date "2019.08.09"]
[Round "7.16"]
[White "Thomas, Vincent"]
[Black "Rempe, Mieke"]
[Result "1-0"]
[ECO "E10"]
[WhiteElo "1975"]
[BlackElo "1558"]
[Annotator "NA RC"]
[PlyCount "57"]
[EventDate "2019.08.03"]
[EventType "swiss"]
[EventCountry "GER"]
[SourceTitle "playchess.com"]
[Source "ChessBase"]
[SourceQuality "1"]
[TimeControl "40/5400+30:1800+30"]

1. d4 Nf6 2. c4 e6 3. Nf3 d6 4. Bg5 Nbd7 5. Nc3 Be7 6. e3 O-O 7. Be2 Re8 8. O-O Nf8 9. a3 Ng6 10. Nh4 Nxh4 11. Bxh4 Ne4 12. Bxe7 Nxc3 13. Bxd8 Nxd1 14. Bxc7 Nxb2 15. Bxd6 Na4 16. Rfc1 Nb6 17. c5 Nd5 18. Bf3 Bd7 19. Rab1 Bc6 20. a4 h6 21. a5 a6 22. Bd1 Red8 23. Ra1 Rdc8 24. Ba4 Bxa4 25. Rxa4 Rc6 26. Raa1 Rac8 27. h3 Nf6 28. Rcb1 Ne4 29. Bh2 1-0

[Event "Lueneburg Open-B 2019"]
[Site "Lueneburg"]
[Date "2019.08.09"]
[Round "7.17"]
[White "Hotz, Herbert"]
[Black "Rennkamp, David"]
[Result "1/2-1/2"]
[ECO "A25"]
[WhiteElo "1547"]
[BlackElo "1355"]
[Annotator "NA"]
[PlyCount "109"]
[EventDate "2019.08.03"]
[EventType "swiss"]
[EventCountry "GER"]
[SourceTitle "playchess.com"]
[Source "ChessBase"]
[SourceQuality "1"]
[TimeControl "40/5400+30:1800+30"]

1. c4 e5 2. g3 Nc6 3. Nc3 Bc5 4. Bg2 d6 5. e3 Nf6 6. Nge2 O-O 7. O-O Bf5 8. d4 exd4 9. exd4 Bb6 10. h3 Rb8 11. Na4 Nd7 12. Nxb6 Nxb6 13. g4 Bg6 14. Nf4 Nxc4 15. Nxg6 hxg6 16. b3 Nb6 17. Bb2 d5 18. f4 Ne7 19. h4 Re8 20. f5 gxf5 21. gxf5 f6 22. Qg4 Nec8 23. Qg6 Nd6 24. h5 Qe7 25. Ba3 Qf7 26. Rf4 Qxg6 27. hxg6 Ne4 28. Bxe4 Rxe4 29. Rxe4 dxe4 30. Kf2 c6 31. Bc5 Re8 32. Bxb6 axb6 33. Ke3 Kf8 34. Rh1 Kg8 35. Rh4 Re7 36. Rxe4 Rxe4+ 37. Kxe4 Kf8 38. a4 Ke7 39. b4 Kd6 40. Ke3 Kd5 41. Kd3 c5 42. dxc5 bxc5 43. b5 b6 44. Kc3 Kd6 45. Kc4 Kc7 46. Kd5 Kd7 47. Kc4 Kd6 48. Kc3 Kd5 49. Kd3 c4+ 50. Kd2 Kd6 51. Kc2 Kc5 52. Kc3 Kd5 53. Kd2 Kd6 54. Kc2 Kd5 55. Kd2 1/2-1/2